 Dungeon Crawl Stone Soup version 0.30-a0-728-gc68057be0a (webtiles) character file.

Game seed: 14101348645419087045

715717 Bnni the Slayer (level 27, -4/224 (238) HPs)
             Began as a Formicid Hexslinger on Jan 29, 2023.
             Was the Champion of Dithmenos.
             Killed by divine providence
             ... invoked by a daeva
              (7 damage)
             ... on level 11 of a ziggurat on Jan 30, 2023.
             The game lasted 06:34:49 (93627 turns).

Bnni the Slayer (Formicid Hexslinger)              Turns: 93627, Time: 06:34:50

HP:   -4/224 (238)  AC: 17    Str: 17 (21) XL:     27
MP:   5/46          EV: 27    Int:  5 (21) God:    Dithmenos [******]
Gold: 6540          SH:  0    Dex: 22 (23) Spells: 1/64 levels left

rFire   + + +      SeeInvis +    O - +9 hand crossbow (flame)
rCold   + + +      Faith    .    v - +8 tower shield
rNeg    + + +      Spirit   .    e - +4 skin of Zhor {*Englaciate rC+++ SInv}
rPois   ∞          Reflect  .    (helmet unavailable)
rElec   +          Harm     .    j - +2 cloak {Will+}
rCorr   +          Rampage  .    U - +2 pair of gloves of Somewhere Else {Dex+3}
Will    ∞                        w - +0 pair of boots of the Invisible Hand {rN+ Stlth+}
Stlth   ++++++                   G - macabre finger necklace {Finger+ rN+}
HPRegen 0.00/turn                s - +4 ring of slaying
MPRegen 0.30/turn                A - ring "Dughot" {rF++ rC+ rN+ Will+ rCorr}
                                 r - ring "Ganeygor" {Fire rElec rN+ Int+2}

@: confused, shadow-form, ambrosia-drunk, sick, wreathed by umbra, studying 3
skills, drained, invisible
A: shadow resist, half damage, bleed smoke, invisible, permanent stasis, dig
shafts and tunnels, antennae 3, four strong arms, iridescent scales 1, clever 1,
screaming 1, shaggy fur 1, strong 1, [no potion heal 2]
}: 5/15 runes: decaying, slimy, silver, abyssal, gossamer
a: Dig, Shaft Self, End Transformation, Renounce Religion, Shadow Step, Shadow
Form


You were on level 11 of a ziggurat.
You worshipped Dithmenos.
Dithmenos was exalted by your worship.
You were a swirling mass of dark shadows.
You visited 14 branches of the dungeon, and saw 63 of its levels.
You visited the Abyss 3 times.
You visited 2 bazaars.
You visited 1 ziggurat, and saw 11 of its levels.
You also visited: Bailey.

You collected 11469 gold pieces.
You spent 4929 gold pieces at shops.

Inventory:

Hand Weapons
 O - a +9 hand crossbow of flaming (weapon)
Missiles
 l - 6 throwing nets
Armour
 e - the +4 skin of Zhor (worn) {*Englaciate rC+++ SInv}
   (You found it on level 6 of the Dungeon)

   *Englaciate: It radiates cold, occasionally slowing all nearby creatures who
   are not resistant to cold.
   rC:        It renders you almost immune to cold.
   SInv:      It lets you see invisible.
 j - a +2 cloak of willpower (worn)
 v - a +8 tower shield (worn)
 w - the +0 pair of boots of the Invisible Hand (worn) {rN+ Stlth+}
   (You bought it in a shop on level 1 of the Elven Halls)

   rN:        It protects you from negative energy.
   Stlth:     It makes you more stealthy.
 C - the +1 robe of Vines {NoPotionHeal Regen++++}
   (You found it on level 5 of the Vaults)

   NoPotionHeal: Its wearer cannot be healed by potions.
   Regen:     It increases your rate of health regeneration.
 F - the +8 orange crystal plate armour {Archmagi, Int+3 Clar}
   (You found it on level 7 of a ziggurat)

   Int:       It affects your intelligence (+3).
   Clar:      It protects you against confusion.
 U - the +2 pair of gloves of Somewhere Else (worn) {Dex+3}
   (You found it on level 4 of the Spider Nest)

   Dex:       It affects your dexterity (+3).
Jewellery
 r - the ring "Ganeygor" (on amulet) {Fire rElec rN+ Int+2}
   (You found it on level 5 of the Pits of Slime)

   [ring of fire]

   It enhances your fire magic.
   Int:       It affects your intelligence (+2).
   rF:        It protects you from fire.
   rC:        It makes you vulnerable to cold.
   rElec:     It insulates you from electricity.
   rN:        It protects you from negative energy.
 s - a +4 ring of slaying (left hand)
 x - the ring "Ufri" {rN+ Str-2 Int+3}
   (You found it on level 3 of the Crypt)

   [ring of positive energy]

   Str:       It affects your strength (-2).
   Int:       It affects your intelligence (+3).
   rN:        It protects you from negative energy.
 z - a ring of resist corrosion
 A - the ring "Dughot" (right hand) {rF++ rC+ rN+ Will+ rCorr}
   (You took it off a frost giant on level 5 of the Vaults)

   [ring of protection from cold]

   rF:        It greatly protects you from fire.
   rC:        It protects you from cold.
   rN:        It protects you from negative energy.
   rCorr:     It protects you from acid and corrosion.
   Will:      It increases your willpower.
 G - the macabre finger necklace (around neck) {Finger+ rN+}
   (You found it on level 9 of a ziggurat)

   [amulet of nothing]

   Finger+:   It enables you to equip an extra ring.
   rN:        It protects you from negative energy.
 L - a +4 ring of protection
 N - a ring of poison resistance
 T - the amulet of Devotion {Reflect rElec Int+2 SH+5}
   (You acquired it on level 2 of the Swamp)

   [amulet of reflection]

   It reflects blocked missile attacks.
   Int:       It affects your intelligence (+2).
   rElec:     It insulates you from electricity.
   SH:        It affects your SH (+5).
 X - a ring of flight
Wands
 c - a wand of paralysis (77)
 D - a wand of quicksilver (60)
 J - a wand of roots (49)
 K - a wand of mindburst (30)
 M - a wand of digging (39)
Scrolls
 a - 2 scrolls of brand weapon
 b - 8 scrolls of poison
 h - 12 scrolls of enchant armour
 m - 12 scrolls of magic mapping
 n - 9 scrolls of fog
 o - 8 scrolls of vulnerability
 p - 2 scrolls of enchant weapon
 y - 5 scrolls of silence
 E - 12 scrolls of immolation
 H - 8 scrolls of fear
 I - 5 scrolls of butterflies
 W - 4 scrolls of amnesia
Potions
 d - 8 potions of attraction
 f - 21 potions of curing
 g - a potion of haste
 i - 4 potions of ambrosia
 k - 5 potions of cancellation
 q - 7 potions of mutation
 t - 8 potions of invisibility
 u - 4 potions of lignification
 B - 8 potions of brilliance
Miscellaneous
 P - a phial of floods
 Z - a phantom mirror


   Skills:
 + Level 24.1 Fighting
 - Level 18.0 Ranged Weapons
 + Level 7.7 Armour
 + Level 19.3 Dodging
 - Level 20.0 Shields
 - Level 19.0 Spellcasting
 - Level 22.0 Hexes
 - Level 16.0 Summonings
 - Level 17.0 Translocations
 - Level 12.1 Transmutations
 - Level 3.0 Fire Magic
 - Level 12.0 Poison Magic
 - Level 13.0 Invocations


You had one spell level left.
You knew the following spells:

 Your Spells              Type           Power      Damage    Failure   Level
a - Ignite Poison         Fire/Tmut/Pois 6%         N/A       1%          3
b - Dispersal             Tloc           2%         N/A       1%          6
c - Portal Projectile     Hex/Tloc       12%        N/A       0%          3
d - Cause Fear            Hex            3%         N/A       0%          4
e - Enfeeble              Hex            3%         N/A       1%          7
f - Passage of Golubria   Tloc           5%         N/A       1%          4
g - Eringya's Noxious Bo  Tmut/Pois      2%         N/A       14%         6
h - Discord               Hex            3%         N/A       11%         8
i - Yara's Violent Unrav  Hex/Tmut       2%         3d3       1%          5
j - Summon Forest         Summ/Tloc      2%         N/A       1%          5
k - Summon Guardian Gole  Hex/Summ       5%         N/A       0%          3
m - Malign Gateway        Summ/Tloc      2%         N/A       13%         7
w - Wereblood             Tmut           4%         N/A       1%          2

Your spell library contained the following spells:

 Spells                   Type           Power      Damage    Failure   Level
 Slow                     Hex            24%        N/A       0%          1
 Beastly Appendage        Tmut           8%         N/A       1%          1
 Summon Small Mammal      Summ           20%        N/A       1%          1
 Foxfire                  Conj/Fire      12%        2x1d4     7%          1
 Kiss of Death            Conj/Necr      4%         2d5       13%         1
 Magic Dart               Conj           4%         1d3       13%         1
 Shock                    Conj/Air       4%         1d3       13%         1
 Confusing Touch          Hex            6%         N/A       0%          3
 Tukima's Dance           Hex            6%         N/A       0%          3
 Call Imp                 Summ           5%         N/A       1%          2
 Ensorcelled Hibernation  Hex/Ice        6%         N/A       1%          2
 Lesser Beckoning         Tloc           10%        N/A       1%          2
 Momentum Strike          Conj/Tloc      6%         3d8       1%          2
 Passwall                 Tmut/Erth      1%         N/A       1%          2
 Poisonous Vapours        Pois/Air       4%         N/A       1%          2
 Call Canine Familiar     Summ           5%         N/A       1%          3
 Dazzling Flash           Conj/Hex       6%         N/A       1%          3
 Gell's Gravitas          Tloc           5%         N/A       1%          3
 Inner Flame              Hex/Fire       8%         N/A       1%          3
 Spider Form              Tmut/Pois      4%         N/A       1%          3
 Teleport Other           Tloc           5%         N/A       1%          3
 Vhi's Electric Charge    Tloc/Air       6%         N/A       1%          3
 Fulminant Prism          Conj/Hex       1%         3d5       1%          4
 Leda's Liquefaction      Hex/Erth       1%         N/A       1%          4
 Manifold Assault         Tloc           5%         N/A       1%          4
 Summon Mana Viper        Hex/Summ       5%         N/A       1%          5
 Kindle Blastsparks       Fire/Tloc/Air  10%        2d10      2%          3
 Alistair's Intoxication  Tmut/Pois      2%         N/A       2%          5
 Summon Cactus Giant      Summ           2%         N/A       2%          6
 Cigotuvi's Dreadful Rot  Necr/Pois/Air  4%         N/A       3%          2
 Iskenderun's Mystic Bla  Conj/Tloc      3%         2d3       4%          4
 Summon Ice Beast         Ice/Summ       3%         N/A       4%          4
 Summon Lightning Spire   Summ/Air       3%         N/A       4%          4
 Metabolic Englaciation   Hex/Ice        1%         N/A       4%          5
 Silence                  Hex/Air        1%         N/A       4%          5
 Scorch                   Fire           6%         2d5       6%          2
 Mephitic Cloud           Conj/Pois/Air  2%         N/A       8%          3
 Ice Form                 Ice/Tmut       2%         N/A       11%         4
 Summon Hydra             Summ           2%         N/A       16%         7
 Searing Ray              Conj           2%         2d4       21%         2
 Static Discharge         Conj/Air       2%         2-3/arc   21%         2
 Sublimation of Blood     Necr           1%         N/A       21%         2
 Frozen Ramparts          Ice            2%         1d1       36%         3
 Hailstorm                Conj/Ice       1%         3d3       36%         3
 Ozocubu's Armour         Ice            1%         N/A       36%         3
 Vampiric Draining        Necr           1%         2d6       36%         3
 Flame Wave               Conj/Fire      3%         2d5       56%         4
 Sticky Flame             Conj/Fire      3%         2d3       56%         4
 Disjunction              Tloc           2%         N/A       61%         8
 Summon Horrible Things   Summ           2%         N/A       77%         8
 Airstrike                Air            0%         2d(1-17)  78%         4
 Animate Dead             Necr           1%         N/A       78%         4
 Statue Form              Tmut/Erth      1%         N/A       86%         6
 Fireball                 Conj/Fire      1%         3d3       89%         5
 Arcjolt                  Conj/Air       0%         1d10      98%         5
 Borgnjor's Vile Clutch   Necr/Erth      0%         N/A       98%         5
 Freezing Cloud           Conj/Ice/Air   0%         6-21      98%         5
 Iskenderun's Battlesphe  Conj           1%         2d6       98%         5
 Lee's Rapid Deconstruct  Erth           0%         3d4*      98%         5
 Lightning Bolt           Conj/Air       0%         1d11      98%         5
 Haunt                    Necr/Summ      1%         N/A       99%         7
 Spellforged Servitor     Conj/Summ      1%         N/A       99%         7
 Conjure Ball Lightning   Conj/Air       0%         3x3d6     100%        6
 Iron Shot                Conj/Erth      0%         9d1       100%        6
 Simulacrum               Ice/Necr       0%         N/A       100%        6
 Orb of Destruction       Conj           0%         9d5       100%        7
 Ozocubu's Refrigeration  Ice            0%         4d7       100%        7
 Storm Form               Tmut/Air       1%         N/A       100%        7
 Borgnjor's Revivificati  Necr           0%         N/A       100%        8
 Maxwell's Capacitive Co  Air            0%         ∞         100%        8
 Necromutation            Tmut/Necr      1%         N/A       100%        8
 Death's Door             Necr           0%         N/A       100%        9
 Dragon's Call            Summ           2%         N/A       100%        9
 Blink                    Tloc           Unusable   N/A       N/A         2
 Swiftness                Air            Unusable   N/A       N/A         3

Dungeon Overview and Level Annotations

Branches:
Dungeon (15/15)            Temple (1/1) D:5            Lair (5/5) D:11
  Swamp (4/4) Lair:2       Spider (4/4) Lair:2        Slime (5/5) Lair:5
    Orc (2/2) D:10            Elf (3/3) Orc:2        Vaults (5/5) D:14
  Crypt (3/3) Vaults:3       Tomb (0/3) Crypt:3      Depths (4/4) D:15
   Hell (visited)             Dis (0/7) Hell            Geh (0/7) Hell
    Coc (7/7) Hell            Tar (0/7) Hell            Zot (5/5) Depths:4
 Bailey (visited)

Altars:
Ashenzari
Cheibriados
Dithmenos
Elyvilon
Fedhas
Gozag
Hepliaklqana
Kikubaaqudgha
Nemelex Xobeh
Okawaru
Ru
Sif Muna
Trog
Uskayaw
Vehumet
Wu Jian
Xom
Yredelemnul
Zin
The Shining One
Jiyva

Shops:
D:6 [   D:7 :   D:9 *   Orc:2 [*(=   Elf:1 (:[   Elf:2 :   Vaults:1 (
Vaults:5 !   Depths:1 :=:

Portals:
Hell: Depths:1 Depths:2 Depths:3 Depths:4
Abyss: D:8 Depths:3
Pandemonium: Depths:2

Annotations:
D:8 2 transporters, Syrassil's ghost, novice OgGl
D:12 1 runed translucent door
Temple 2 transporters
Swamp:1 Jiad Xun's ghost, adept MiBe


Innate Abilities, Weirdness & Mutations

You are a swirling mass of dark shadows.
You are immune to unholy torment and to willpower attacks.
Damage taken is halved, but you are drained when taking damage.
Your attacks are insubstantial and do half damage.
You bleed smoke when taking damage.
You are invisible.
You are immune to poison.
Your spellcasting is less reliable in this form.
You cannot be hasted, slowed, berserked, paralysed or teleported.
You can dig through walls and to a lower floor.
You have a pair of large antennae on your head. (SInv)
Your four strong arms can wield two-handed weapons with a shield.
You are partially covered in iridescent scales. (AC +2)
Your mind is acute. (Int +4, Str/Dex -1)
You occasionally shout uncontrollably at your foes.
You are covered in fur. (AC +1)
Your muscles are strong. (Str +4, Int/Dex -1)
[Potions cannot restore your health.]


Message History

The demonspawn corrupter invokes the aid of Lugonu against you.
The tormentor calls on the powers of darkness!
Your body is wracked with pain!
* * * LOW HITPOINT WARNING * * *
The daeva convulses!
The raiju convulses!
You block the large abomination's attack.
Casting: Yara's Violent Unravelling (mildly dangerous; 1% risk of failure)
Confirm with . or Enter, or press ? or * to list all spells.
Casting: Dispersal (mildly dangerous; 1% risk of failure)
Press: ? - help, Dir - look around, f - activate
Okay, then.
Casting: Dispersal (mildly dangerous; 1% risk of failure)
Confirm with . or Enter, or press ? or * to list all spells.
Casting: Dispersal (mildly dangerous; 1% risk of failure)
Press: ? - help, Dir - look around, f - activate
Okay, then.
Unknown command.
Okay, then.
You turn into a swirling mass of dark shadows.
You feel drained.
You fade into the shadows.
You hear a roar!
The daeva calls down the wrath of the Shining One upon you.
The Shining One smites you!
* * * LOW HITPOINT WARNING * * *
You emit a cloud of dark smoke.
You feel drained. You block the bone dragon's attack.
The bone dragon barely misses you. The bone dragon completely misses you.
A tentacle flies out from the starspawn's body!
The bone dragon bites you.
* * * LOW HITPOINT WARNING * * *
You emit a cloud of dark smoke.
You feel drained. You block the bone dragon's attack.
The bone dragon closely misses you.
You block the large abomination's attack.
A starspawn tentacle comes into view.
You are confused.
Your system rejects the healing.
You feel invigorated.
Your primal bloodlust has ended.
The daeva calls down the wrath of the Shining One upon you.
The Shining One smites you!
You die...

▓▓▓▓▓▓▓
▓▓.......
▓▓........
▓▓.........
▓▓x....§....
▓▓Dh6.§A.....
▓WDX*3§......
▓▓Xzw2.......
▓▓xX....X...
▓▓......§§.
▓▓.....§w.
▓▓.......
▓▓▓▓▓▓▓


You could see 2 bone dragons, a daeva (unable to see you), a demonspawn
corrupter (unable to see you, misshapen), a tentacled starspawn (unable to see
you), a wretched star, 2 ancient zymes, a large abomination (unable to see you),
a smoke demon (unable to see you, misshapen), a tormentor (unable to see you), a
raiju, a starspawn tentacle (unaware, unable to see you) and a flying skull
(unable to see you).

Vanquished Creatures
  Dissolution (Slime:2)
  Khufu (Crypt:2)
  2 ancient liches
  An orb of fire (Zot:4)
  A juggernaut (Zig:10)
  Mara (Vaults:3)
  2 royal mummies
  Boris (twice) (Crypt:1 Crypt:3)
  A Killer Klown (Zot:5)
  the Lernaean hydra (Swamp:4)
  Saint Roka (Elf:2)
  6 shard shrikes
  Bai Suzhen (Vaults:3)
  2 curse toes
  2 caustic shrikes (Depths:4)
  Geryon (Hell)
  the Enchantress (Depths:4)
  Nikola (Elf:3)
  11 golden dragons
  7 bone dragons
  An electric golem (Zot:3)
  2 iron giants (Zig:5)
  3 hellephants (Zig:9)
  3 Ice Fiends
  Jorgrun (D:15)
  Rupert (Orc:2)
  A walking crystal tome (Depths:2)
  The ghost of Zac Ekhlo the Brawler, an adept TrFi of Okawaru (Swamp:2)
  A tainted leviathan (Depths:1)
  20 tentacled monstrosities
  5 Orb Guardians (Zot:5)
  6 liches
  5 searing wretches (Zig:9)
  The ghost of frocskos the Slayer, an adept HOBe of Trog (Spider:4)
  5 quicksilver dragons
  An Executioner (Abyss:3)
  7 titans
  3 deep elf blademasters (Elf:2)
  15 acid blobs
  Gastronok (Lair:3)
  A sphinx (shapeshifter) (Vaults:2)
  3 sphinxes
  3 tentacled starspawn (Abyss:3)
  6 ancient champions
  3 thorn hunters
  Murray (Depths:4)
  2 deep elf master archers (Elf:3)
  10 death cobs
  Frances (Swamp:2)
  Kirke (Swamp:2)
  11 storm dragons
  Agnes (D:15)
  12 shadow dragons
  Donald (Swamp:1)
  5 tengu reavers
  4 draconian monks
  8 rockslimes
  A revenant (Crypt:3)
  A fenstrider witch (Zig:8)
  11 azure jellies
  A nagaraja (Abyss:3)
  10 fire giants
  11 frost giants
  6 narguns
  2 iron dragons
  6 deep elf sorcerers
  6 draconian knights
  6 draconian scorchers
  7 vault wardens
  4 emperor scorpions
  An angel (Zig:7)
  2 ghost moths (Spider:3)
  Aizul (Swamp:4)
  A curse skull (Crypt:2)
  4 draconian stormcallers (Depths:4)
  A shard shrike simulacrum (Coc:3)
  2 orc warlords
  2 ghouls
  3 balrugs
  5 deep elf elementalists (Elf:3)
  14 stone giants
  19 ironbound preservers
  A rockslime zombie (Crypt:3)
  27 very ugly things
  2 draconian annihilators
  8 war gargoyles
  A juggernaut skeleton (Crypt:3)
  6 vampire knights
  An ophan (Abyss:3)
  10 quicksilver oozes
  11 broodmothers
  2 reapers
  2 draconian shifters
  4 ironbound thunderhulks
  5 spriggan defenders
  4 deep elf demonologists
  4 eleionomae
  5 elemental wellsprings
  Nessos (Orc:2)
  3 green draconians
  9 deep elf annihilators
  An eleionoma (shapeshifter) (Vaults:5)
  5 bunyips
  8 black draconians
  12 red draconians
  5 white draconians
  8 dire elephants
  16 spark wasps
  7 yellow draconians
  3 purple draconians
  4 wendigos
  2 green deaths
  A blizzard demon (Depths:2)
  9 fire dragons
  A fire dragon (shapeshifter) (D:15)
  4 eidola (Crypt:2)
  3 crystal guardians
  8 deep elf death magi
  Josephine (Swamp:1)
  4 shambling mangroves
  10 jiangshi
  7 yaktaur captains
  A spriggan zombie (Crypt:2)
  8 deep elf high priests
  6 ettins
  Harold (Lair:1)
  11 entropy weavers
  6 ice dragons
  A fenstrider witch zombie (Crypt:1)
  17 great orbs of eyes
  Erolcha (D:9)
  27 vault guards
  4 ghost crabs
  2 juggernaut simulacra
  3 rakshasas
  4 caustic shrike simulacra
  3 peacekeepers
  7 radroaches
  A merfolk avatar (Abyss:3)
  11 boulder beetles
  20 hydras
  10 ironbound frosthearts
  A spriggan air mage (Depths:4)
  3 centaur warriors
  4 jorogumos
  A fenstrider witch skeleton (Crypt:3)
  3 death knights
  A spriggan skeleton (Crypt:3)
  10 two-headed ogres
  The ghost of Syrassil the Slasher, a journeyman HuWn of Vehumet (D:9)
  A catoblepas (Lair:5)
  32 dancing weapons
  2 ogre magi
  2 tengu warriors
  10 deep troll shamans
  8 alligators
  6 deep troll earth magi
  11 death yaks (Lair:5)
  3 vampire magi
  4 orc high priests
  2 soul eaters
  A titan zombie (Zig:6)
  3 sun demons
  4 spriggan berserkers
  Urug (Lair:2)
  A naga sharpshooter (Zig:2)
  15 deep elf knights
  7 hell knights (D:10)
  A shock serpent (Zig:2)
  5 wretched stars
  4 thrashing horrors
  14 iron trolls
  A death drake (Zot:4)
  A shadow wraith (Abyss:3)
  Nergalle (Lair:2)
  29 skeletal warriors
  11 pharaoh ants
  6 glowing orange brains
  A quicksilver dragon simulacrum (Coc:3)
  A bunyip zombie (Crypt:2)
  81 deep trolls
  4 flayed ghosts
  An orb spider (shapeshifter) (Vaults:5)
  14 orb spiders
  3 goliath frogs
  An elf simulacrum (Coc:1)
  12 swamp dragons
  A spriggan simulacrum (Coc:3)
  10 wizards
  5 bog bodies
  6 steelbarb worms
  An obsidian statue (Zig:10)
  19 deep elf archers
  12 phantasmal warriors
  A steelbarb worm (shapeshifter) (Vaults:2)
  A tengu zombie (Zig:6)
  2 fenstrider witch simulacra
  5 harpies (Vaults:2)
  9 lindwurms
  4 spriggan druids
  28 deep elf pyromancers
  2 orange crystal statues (Zig:10)
  An iron dragon zombie (Crypt:2)
  A harpy (shapeshifter) (Vaults:2)
  29 deep elf zephyrmancers
  12 ironbound convokers
  A golden dragon skeleton (Crypt:3)
  12 orc knights
  15 starcursed masses
  2 bunyip skeletons
  5 necromancers
  7 shining eyes
  26 wolf spiders
  5 will-o-the-wisps
  A salamander (D:15)
  7 orc sorcerers
  A mana viper (shapeshifter) (D:12)
  24 ugly things
  10 cyclopes
  4 worldbinders (Abyss:3)
  6 manticores
  A manticore (shapeshifter) (Depths:3)
  21 moths of wrath
  12 elephants (Lair:5)
  A shock serpent zombie (Crypt:1)
  4 rust devils
  2 guardian serpents
  2 apocalypse crabs (Abyss:3)
  A frost giant skeleton (Crypt:3)
  Maurice (D:9)
  13 vault sentinels
  3 black mambas
  A titan simulacrum (Coc:4)
  A merfolk siren (Zig:3)
  2 storm dragon simulacra
  3 molten gargoyles (Hell)
  6 demonic crawlers
  4 eyes of devastation
  13 cane toads
  2 gargoyles
  4 torpor snails
  5 smoke demons
  Maggie (Lair:2)
  Psyche (D:9)
  2 hellions
  A rime drake (Lair:4)
  3 unseen horrors
  3 dire elephant skeletons
  7 freezing wraiths
  A death yak zombie (Crypt:2)
  3 efreet
  2 kobold demonologists (D:13)
  4 komodo dragons
  A centaur skeleton (Crypt:3)
  3 unseen horror zombies (D:8)
  An orange demon (Abyss:3)
  A guardian mummy (Zig:6)
  15 yaktaurs
  2 alligator snapping turtle skeletons (Crypt:3)
  2 anaconda simulacra
  A komodo dragon (shapeshifter) (D:14)
  A minotaur zombie (Crypt:1)
  A white draconian skeleton (Crypt:1)
  A green draconian skeleton (Crypt:1)
  A bunyip simulacrum (Coc:2)
  2 tormentors
  2 ice devils
  7 ancient zymes
  A red devil (Depths:2)
  12 trolls
  12 meliai
  2 bloated husks
  11 tyrant leeches
  A tarantella (shapeshifter) (Vaults:2)
  4 harpy skeletons (Crypt:3)
  Prince Ribbit (D:9)
  A hellwing (Abyss:3)
  13 hornets
  7 polar bears
  19 blink frogs
  A stone giant simulacrum (Crypt:1)
  32 tarantellas
  A blink frog (shapeshifter) (Depths:2)
  4 raiju (Abyss:3)
  A fire dragon zombie (Crypt:2)
  88 slime creatures
  A snapping turtle (Zig:3)
  The ghost of Zigma the Caller, an amateur OpSu of Dithmenos (D:4)
  A draconian simulacrum (Crypt:2)
  33 jumping spiders
  5 shadows
  7 flying skulls
  4 dire elephant simulacra
  9 spriggans
  11 wraiths
  11 large abominations
  An air elemental (Elf:3)
  4 ettin skeletons (Crypt:3)
  19 culicivoras
  3 ynoxinuls
  3 hogs (Swamp:2)
  41 yaks
  8 wyverns
  Eustachio (D:6)
  8 vampire mosquitoes
  A steam dragon (D:9)
  10 basilisks
  2 basilisks (shapeshifter)
  82 redbacks
  A wind drake skeleton (Crypt:2)
  2 fire elementals
  20 golden eyes
  A chaos spawn (Depths:2)
  A human (Swamp:2)
  2 neqoxecs (Zig:7)
  2 spatial vortices (Abyss:3)
  17 swamp worms
  8 wargs
  3 harpy simulacra
  Edmund (D:4)
  17 water moccasins
  4 acid dragons
  A faun skeleton (Crypt:2)
  4 naga skeletons
  7 hell hounds (D:10)
  A floating eye (shapeshifter) (Vaults:1)
  2 floating eyes (Slime:4)
  A fire bat skeleton (Crypt:3)
  46 orc warriors
  11 swamp drakes
  2 two-headed ogre skeletons (Crypt:3)
  10 black bears
  2 ice beasts
  2 sky beasts
  3 ettin simulacra
  5 small abominations (Abyss:3)
  13 wolves
  3 boggarts (Vaults:1)
  A hornet zombie (D:8)
  10 ogres
  A snapping turtle skeleton (Crypt:2)
  A swamp dragon zombie (Crypt:2)
  9 centaurs
  3 phantoms
  4 kobold brigands
  2 necrophages
  9 bullfrogs
  3 gnoll sergeants
  2 scorpions
  A draconian zombie (Crypt:1)
  A wyvern zombie (Crypt:3)
  4 earth elementals
  2 naga simulacra
  12 wights
  14 killer bees
  A polar bear zombie (Crypt:1)
  A raiju skeleton (Crypt:3)
  2 electric eels
  3 howler monkeys (D:8)
  3 centaur zombies (D:8)
  A quasit (Abyss:3)
  29 orc priests
  4 hounds
  An iron imp (Abyss:3)
  5 jellies
  Crazy Yiuf (D:7)
  Jessica (D:2)
  3 gnoll boudas
  An iguana (D:4)
  32 orc wizards
  11 hell rats
  Natasha (thrice) (D:2)
  A killer bee zombie (D:8)
  A mummy (Crypt:2)
  A howler monkey zombie (D:8)
  30 gnolls
  8 adders
  2 steam dragon skeletons
  A white imp (D:6)
  A dart slug (D:2)
  94 orcs
  15 endoplasms
  5 giant cockroaches
  9 goblins
  4 hobgoblins
  2 jackals (D:1)
  25 kobolds
  A quokka (D:3)
  8 ball pythons
  5 bats
  10 frilled lizards
  A goblin zombie (Crypt:2)
  A jackal skeleton (Crypt:2)
  3 rats
  2 lurking horrors (Abyss:3)
2552 creatures vanquished.

Vanquished Creatures (collateral kills)
  the Royal Jelly (Slime:5)
  An ancient lich (Crypt:3)
  Sojobo (Depths:3)
  4 shard shrikes
  3 caustic shrikes (Depths:4)
  3 golden dragons
  Jory (Crypt:1)
  A bone dragon (Crypt:3)
  An electric golem (Zot:1)
  2 tentacled monstrosities (Vaults:5)
  A lich (Crypt:2)
  A quicksilver dragon (Vaults:5)
  4 Orb Guardians (Zot:5)
  A titan (Vaults:5)
  3 acid blobs
  An ancient champion (Crypt:1)
  A thorn hunter (Zig:8)
  6 storm dragons
  3 shadow dragons
  A tengu reaver (Vaults:5)
  3 fire giants
  2 rockslimes
  A deep elf sorcerer (Vaults:5)
  A draconian knight (Zot:3)
  An iron dragon (Hell)
  4 azure jellies (Slime:5)
  3 draconian scorchers
  A ghost moth (Zot:3)
  2 vault wardens (Vaults:5)
  A frost giant (Vaults:5)
  2 draconian annihilators
  A ghoul (Crypt:2)
  A stone giant (Depths:4)
  3 draconian shifters
  2 reapers (Hell)
  A war gargoyle (Vaults:5)
  3 draconian stormcallers
  2 quicksilver oozes (Slime:5)
  2 ironbound preservers (Vaults:5)
  17 very ugly things
  4 elemental wellsprings (Coc:3)
  2 vampire knights
  3 green draconians
  7 black draconians
  3 deep elf demonologists
  3 red draconians
  4 yellow draconians
  2 putrid mouths (Hell)
  2 deep elf annihilators
  5 white draconians
  3 ettins
  A spark wasp (Depths:1)
  A green death (Hell)
  A deep elf high priest (Vaults:5)
  3 yaktaur captains (Vaults:5)
  A fire dragon (Depths:1)
  A jiangshi (Crypt:3)
  A great orb of eyes (Slime:5)
  A rakshasa (Depths:1)
  A great orb of eyes (shapeshifter) (Vaults:5)
  7 vault guards (Vaults:5)
  An ice dragon (Zot:4)
  A caustic shrike simulacrum (Coc:4)
  2 spriggan air magi
  A death knight (Crypt:1)
  A satyr (Abyss:3)
  A dancing weapon (Elf:3)
  3 spriggan berserkers
  2 vampire magi
  A deep troll earth mage (Vaults:5)
  A tengu warrior (Depths:1)
  A sun demon (Hell)
  5 hell knights (Hell)
  2 deep elf knights (Vaults:5)
  A wretched star (Vaults:5)
  14 skeletal warriors
  A glowing orange brain (Depths:3)
  A flayed ghost (Crypt:2)
  An iron troll (Depths:3)
  2 bog bodies (Crypt:2)
  5 deep trolls
  A wizard (Depths:1)
  An ironbound convoker (Vaults:5)
  A phantasmal warrior (Vaults:5)
  3 deep elf zephyrmancers (Elf:3)
  2 deep elf pyromancers
  A necromancer (Hell)
  4 ugly things
  A cyclops (shapeshifter) (Depths:3)
  3 vault sentinels (Vaults:5)
  A nameless horror (Zot:3)
  A smoke demon (Hell)
  2 rust devils (Hell)
  An ice statue (Zig:10)
  A guardian serpent (Abyss:3)
  5 moths of wrath
  A large abomination (Abyss:3)
  A demonic crawler (Hell)
  2 molten gargoyles (Hell)
  An orb spider zombie (Crypt:2)
  A yaktaur (Vaults:5)
  A tormentor (Coc:4)
  A freezing wraith (Coc:2)
  An anaconda simulacrum (Coc:2)
  A troll (Zig:10)
  A bloated husk (Zig:8)
  2 raiju (Abyss:3)
  3 hornets
  A blink frog (Abyss:3)
  A merfolk skeleton (Crypt:2)
  3 spriggans
  5 flying skulls
  31 slime creatures
  A wraith (Crypt:1)
  An ushabti (Zig:6)
  A golden eye (Slime:1)
  5 starcursed masses (Abyss:3)
  4 harpy simulacra
  An acid dragon (Zot:4)
  2 hell hounds (Hell)
  6 orc warriors (Zig:10)
  3 ogres
  A torpor snail zombie (Crypt:1)
  2 necrophages
  2 naga simulacra
  2 orc wizards
  2 hell rats (Hell)
  3 mummies (Zig:6)
  A white imp (Abyss:3)
  An orc (Orc:1)
319 creatures vanquished.

Vanquished Creatures (others)
  2 shard shrikes (Coc:4)
  A tentacled monstrosity (Zig:8)
  An Orb Guardian (Zot:5)
  A death cob (Zot:4)
  9 eldritch tentacles
  A shadow dragon (Vaults:5)
  A rockslime (Slime:5)
  3 azure jellies
  A fire giant (Depths:1)
  A deep elf sorcerer (Elf:3)
  A vault warden (Vaults:5)
  A draconian scorcher (Zot:1)
  2 shard shrike simulacra
  A draconian stormcaller (Zot:1)
  An ironbound preserver (Vaults:5)
  2 ghouls (Crypt:2)
  A war gargoyle (Vaults:5)
  A draconian annihilator (Zot:4)
  4 very ugly things
  A stone giant (Depths:1)
  2 deep elf demonologists (Elf:3)
  A black draconian (Zot:1)
  A wizard (Abyss:3)
  3 green draconians
  3 white draconians
  3 putrid mouths (Hell)
  3 yellow draconians
  An ettin (Vaults:5)
  A jiangshi (Crypt:1)
  2 vault guards (Vaults:5)
  2 yaktaur captains (Vaults:5)
  An ice dragon (Depths:3)
  An ogre mage (Vaults:5)
  A tengu warrior (Depths:4)
  A death scarab (Zig:6)
  4 skeletal warriors
  A goliath frog (Zig:8)
  3 deep elf pyromancers
  A deep elf zephyrmancer (Elf:2)
  An ugly thing (Depths:1)
  An orc sorcerer (Orc:2)
  A will-o-the-wisp (Zig:8)
  A moth of wrath (Zot:2)
  A rust devil (Hell)
  3 vault sentinels (Vaults:5)
  A yaktaur (Vaults:5)
  An iron giant simulacrum (Coc:4)
  A bloated husk (Swamp:1)
  A raiju (Abyss:3)
  A large abomination (Abyss:3)
  An iron dragon simulacrum (Coc:2)
  8 slime creatures
  6 flying skulls
  2 dire elephant simulacra (Coc:2)
  A wraith (Crypt:1)
  A starcursed mass (Abyss:3)
  A redback (Spider:4)
  A harpy simulacrum (Coc:2)
  A hell hound (Hell)
  3 ogres (Zig:10)
  An orc warrior (Zig:10)
  A swamp dragon simulacrum (Coc:2)
  2 mummies
  An orc (Elf:3)
  A bush (Lair:5)
  6 demonic plants (Abyss:3)
  7 foxfires
  4 fulminant prisms (Crypt:2)
  33 fungi
  A lurking horror (Abyss:3)
  98 plants
  3 snaplasher vines
  9 starspawn tentacles
  9 toadstools (D:2)
285 creatures vanquished.

Grand Total: 3156 creatures vanquished

Notes
Turn   | Place    | Note
-------+----------+-------------------------------------------
     0 | D:1      | Bnni the Formicid Hexslinger began the quest for the Orb.
     0 | D:1      | Reached XP level 1. HP: 15/15 MP: 2/2
   151 | D:1      | Found a faded altar of an unknown god.
   280 | D:1      | Reached XP level 2. HP: 21/21 MP: 3/3
   626 | D:1      | Reached XP level 3. HP: 26/26 MP: 5/5
   630 | D:1      | Learned a level 3 spell: Inner Flame
   653 | D:1      | Reached skill level 1 in Fire Magic
   797 | D:2      | Noticed Natasha
   812 | D:2      | Killed Natasha
   813 | D:2      | Reached XP level 4. HP: 14/32 MP: 6/6
   934 | D:2      | You fall into a shaft and drop 2 floors!
  1177 | D:2      | Noticed Jessica
  1180 | D:2      | Killed Jessica
  1181 | D:2      | Reached XP level 5. HP: 37/38 MP: 7/7
  1562 | D:2      | Reached skill level 2 in Fighting
  1570 | D:2      | Reached skill level 5 in Hexes
  1570 | D:2      | Reached XP level 6. HP: 27/44 MP: 7/9
  1684 | D:2      | Learned a level 4 spell: Cause Fear
  1838 | D:2      | Noticed Natasha
  1846 | D:2      | Killed Natasha
  2174 | D:2      | Noticed Natasha
  2188 | D:2      | Killed Natasha
  3293 | D:4      | Reached XP level 7. HP: 15/51 MP: 6/10
  3742 | D:4      | Found a glowing golden altar of the Shining One.
  3786 | D:4      | Found a large runed translucent door.
  3786 | D:4      | Found a large runed translucent door.
  3790 | D:4      | Noticed Zigma's ghost (amateur OpSu)
  3806 | D:4      | Killed Zigma's ghost
  3807 | D:4      | Reached skill level 3 in Fighting
  3859 | D:4      | Noticed Edmund
  3900 | D:4      | Killed Edmund
  4027 | D:4      | Reached XP level 8. HP: 58/58 MP: 12/12
  4038 | D:4      | Learned a level 3 spell: Portal Projectile
  4400 | D:4      | Reached skill level 5 in Ranged Weapons
  4674 | D:5      | Entered Level 5 of the Dungeon
  4748 | D:5      | Reached skill level 1 in Translocations
  4996 | D:5      | Reached skill level 4 in Fighting
  5196 | D:5      | Found a staircase to the Ecumenical Temple.
  5205 | Temple   | Entered the Ecumenical Temple
  5205 | Temple   | Found a transporter.
  5205 | Temple   | Found a transporter.
  5207 | Temple   | Found a transporter.
  5207 | Temple   | Found a transporter.
  5217 | Temple   | Became a worshipper of Dithmenos the Shadowed
  5653 | D:6      | Found the +4 skin of Zhor {*Englaciate rC+++ SInv}
  5701 | D:6      | Reached XP level 9. HP: 66/66 MP: 7/13
  5982 | D:6      | Reached * piety under Dithmenos
  6011 | D:6      | Reached skill level 5 in Fighting
  6012 | D:6      | Noticed Eustachio
  6065 | D:6      | Killed Eustachio
  6254 | D:6      | Found Inev's Antique Armour Boutique.
  6263 | D:6      | Bought a pair of glowing gloves for 180 gold pieces
  6737 | D:6      | Found a sacrificial altar of Ru.
  7006 | D:7      | Reached XP level 10. HP: 75/75 MP: 7/14
  7268 | D:7      | Reached skill level 1 in Shields
  7286 | D:7      | Noticed a +0 dagger
  7286 | D:7      | Noticed a +0 falchion
  7287 | D:7      | Noticed a +0 short sword
  7287 | D:7      | Noticed a +0 spear
  7291 | D:7      | Noticed a +0 spear
  7292 | D:7      | Noticed a +0 falchion
  7292 | D:7      | Noticed a +0 dagger
  7293 | D:7      | Noticed a +0 short sword
  7304 | D:7      | Found a hide-covered altar of Uskayaw.
  7314 | D:7      | Reached ** piety under Dithmenos
  7462 | D:7      | Found a runed translucent door.
  7463 | D:7      | Noticed Crazy Yiuf
  7483 | D:7      | Killed Crazy Yiuf
  7506 | D:7      | Reached skill level 6 in Fighting
  7506 | D:7      | Reached skill level 10 in Hexes
  7513 | D:7      | Found Ylycle's Book Shoppe.
  8087 | D:8      | Found a transporter.
  8109 | D:8      | Found a flagged portal.
  8131 | Bailey   | Entered a bailey
  8292 | Bailey   | Noticed an orc knight
  8311 | Bailey   | Killed an orc knight
  8311 | Bailey   | Reached *** piety under Dithmenos
  8349 | Bailey   | Found a large runed translucent door.
  8349 | Bailey   | Found a large runed translucent door.
  8350 | Bailey   | Noticed a deep elf zephyrmancer
  8431 | Bailey   | Killed a deep elf zephyrmancer
  8432 | Bailey   | Reached skill level 7 in Fighting
  8432 | Bailey   | Reached XP level 11. HP: 46/84 MP: 15/15
  8639 | D:8      | Learned a level 5 spell: Yara's Violent Unravelling
  8940 | D:8      | Noticed a green ugly thing
  8943 | D:8      | Noticed Syrassil's ghost (novice OgGl)
  8962 | D:8      | Reached skill level 5 in Shields
  9032 | D:8      | Found a transporter.
  9045 | D:8      | Identified the +9 short sword "Qocih" {heavy, rElec rPois
                  | Int-4}
  9329 | D:8      | Found a one-way gate to the infinite horrors of the Abyss.
  9421 | D:9      | Noticed Maurice
  9431 | D:9      | Killed Maurice
  9432 | D:9      | Reached skill level 10 in Ranged Weapons
  9519 | D:9      | Noticed Prince Ribbit
  9534 | D:9      | Killed Prince Ribbit
  9589 | D:9      | Found a transporter.
  9590 | D:9      | Noticed Syrassil's ghost (journeyman HuWn)
  9592 | D:9      | Found a transporter.
  9859 | D:9      | Reached **** piety under Dithmenos
 10065 | D:9      | Found Dago's Serpentskin Sales.
 10149 | D:9      | Noticed Psyche
 10155 | D:9      | Killed Psyche
 10156 | D:9      | Reached skill level 5 in Dodging
 10352 | D:9      | Noticed Erolcha
 10370 | D:9      | Killed Erolcha
 10371 | D:9      | Reached skill level 8 in Fighting
 10578 | D:9      | Killed Syrassil's ghost
 10579 | D:9      | Reached XP level 12. HP: 75/92 MP: 18/18
 10715 | D:10     | Entered Level 10 of the Dungeon
 10888 | D:10     | Noticed a two-headed ogre
 10897 | D:10     | Killed a two-headed ogre
 10902 | D:10     | Reached skill level 5 in Spellcasting
 11278 | D:10     | Reached ***** piety under Dithmenos
 11446 | D:10     | Found a staircase to the Orcish Mines.
 11983 | D:10     | Noticed a hell knight
 12223 | D:10     | Killed a hell knight
 12251 | D:10     | Noticed a hell knight
 12252 | D:10     | Noticed a hell knight
 12256 | D:10     | Noticed a hell knight
 12270 | D:10     | Killed a hell knight
 12270 | D:10     | Noticed a hell knight
 12271 | D:10     | Reached skill level 1 in Transmutations
 12365 | D:10     | Noticed a hell knight
 12394 | D:10     | Killed a hell knight
 12439 | D:10     | Killed a hell knight
 12587 | D:10     | Killed a hell knight
 12657 | D:10     | Killed a hell knight
 12658 | D:10     | Reached skill level 9 in Fighting
 12678 | D:10     | Noticed a hell knight
 12684 | D:10     | Killed a hell knight
 12685 | D:10     | Reached XP level 13. HP: 101/101 MP: 21/21
 12882 | D:11     | Learned a level 7 spell: Enfeeble
 12903 | D:11     | Found a staircase to the Lair.
 13737 | D:11     | Noticed an eight-headed hydra
 13747 | D:11     | Killed an eight-headed hydra
 14608 | D:12     | Found a runed translucent door.
 14826 | D:12     | Found a runed translucent door.
 15811 | D:12     | Noticed an eight-headed hydra
 16005 | D:12     | Killed an eight-headed hydra
 16032 | D:12     | Reached XP level 14. HP: 103/109 MP: 18/24
 16251 | D:13     | Learned a level 3 spell: Tukima's Dance
 16412 | D:12     | Reached skill level 10 in Fighting
 16690 | D:13     | Reached ****** piety under Dithmenos
 16755 | D:13     | Found a gateway to a bazaar.
 16907 | D:13     | Reached skill level 5 in Transmutations
 17327 | D:13     | Reached skill level 10 in Shields
 17699 | D:14     | Found a glowing golden altar of the Shining One.
 17937 | D:14     | Got Fonloyhe's Disquisition on Creation
 18176 | D:14     | Found a gate to the Vaults.
 18252 | D:15     | Entered Level 15 of the Dungeon
 18566 | D:15     | Noticed Agnes
 18592 | D:15     | Killed Agnes
 18966 | D:15     | Reached XP level 15. HP: 59/117 MP: 5/26
 18987 | D:15     | Noticed Jorgrun
 19138 | Lair:1   | Entered Level 1 of the Lair of Beasts
 19280 | Lair:1   | Noticed Harold
 19290 | Lair:1   | Killed Harold
 19836 | Lair:2   | Noticed Maggie
 19843 | Lair:2   | Killed Maggie
 19907 | Lair:2   | Found a hole to the Spider Nest.
 19975 | Lair:2   | Noticed Nergalle
 19982 | Lair:2   | Killed Nergalle
 20003 | Lair:2   | Learned a level 4 spell: Passage of Golubria
 20118 | Lair:2   | Found a staircase to the Swamp.
 20154 | Lair:2   | Noticed Urug
 20158 | Lair:2   | Killed Urug
 20842 | Lair:3   | Reached skill level 11 in Fighting
 20920 | Lair:3   | Noticed Gastronok
 20936 | Lair:3   | Killed Gastronok
 22617 | Lair:5   | Entered Level 5 of the Lair of Beasts
 22742 | Lair:5   | Reached XP level 16. HP: 62/120 MP: 5/28
 22759 | Lair:5   | Reached skill level 15 in Ranged Weapons
 22985 | Lair:5   | Found a runed translucent door.
 22986 | Lair:5   | Found a viscous altar of Jiyva.
 22986 | Lair:5   | Noticed an azure jelly
 22988 | Lair:5   | Found a staircase to the Slime Pits.
 23448 | Lair:5   | Reached skill level 5 in Translocations
 23990 | Orc:1    | Entered Level 1 of the Orcish Mines
 24441 | Orc:2    | Entered Level 2 of the Orcish Mines
 24690 | Orc:2    | Found a staircase to the Elven Halls.
 24988 | Orc:2    | Noticed Rupert
 25001 | Orc:2    | Noticed Nessos
 25005 | Orc:2    | Killed Rupert
 25016 | Orc:2    | Killed Nessos
 25017 | Orc:2    | Reached skill level 12 in Fighting
 25267 | Orc:2    | Found Jukaog's General Store.
 25268 | Orc:2    | Found Geilaor's Jewellery Shoppe.
 25270 | Orc:2    | Found Quzailin's Antique Armour Emporium.
 25270 | Orc:2    | Found Neummoem's Antique Weapon Emporium.
 25288 | Orc:2    | Bought a potion of heal wounds for 80 gold pieces
 25468 | Swamp:1  | Entered Level 1 of the Swamp
 25589 | Swamp:1  | Noticed Donald
 25603 | Swamp:1  | Killed Donald
 25772 | Swamp:1  | Noticed Josephine
 25781 | Swamp:1  | Killed Josephine
 25811 | Swamp:1  | Reached XP level 17. HP: 133/133 MP: 29/29
 25890 | Swamp:1  | Got the Codex of the Frigid Blink Frog
 26307 | Swamp:2  | Noticed Kirke
 26314 | Swamp:2  | Killed Kirke
 26348 | Swamp:2  | Noticed Frances
 26359 | Swamp:2  | Killed Frances
 26573 | Swamp:2  | Identified a scroll of acquirement
 26574 | Swamp:2  | Acquired the amulet of Devotion {Reflect rElec Int+2 SH+5}
 26604 | Swamp:2  | Found a runed translucent gate.
 26604 | Swamp:2  | Found a runed translucent gate.
 26610 | Swamp:2  | Found a runed translucent gate.
 26629 | Swamp:2  | Noticed Zac Ekhlo's ghost (adept TrFi)
 26629 | Swamp:2  | Noticed Jiad Xun's ghost (adept MiBe)
 26972 | Swamp:2  | Reached skill level 10 in Dodging
 27279 | Swamp:2  | Learned a level 3 spell: Kindle Blastsparks
 27652 | Swamp:3  | Noticed a thorn hunter
 27782 | Swamp:2  | Killed a thorn hunter
 28079 | Swamp:3  | Reached skill level 15 in Hexes
 28243 | Swamp:3  | Noticed a thorn hunter
 28254 | Swamp:3  | Killed a thorn hunter
 28535 | Swamp:4  | Entered Level 4 of the Swamp
 28752 | Swamp:4  | HP: 6/135 [poison (poison gas)]
 28767 | Swamp:4  | Noticed a tentacled monstrosity
 29216 | Swamp:4  | Reached skill level 13 in Fighting
 29482 | Swamp:4  | Noticed the 27-headed Lernaean hydra
 29494 | Swamp:4  | Killed the 27-headed Lernaean hydra
 29530 | Swamp:4  | Noticed a thorn hunter
 29542 | Swamp:4  | Killed a thorn hunter
 29543 | Swamp:4  | Reached XP level 18. HP: 143/143 MP: 30/30
 29717 | Swamp:4  | Killed a tentacled monstrosity
 30484 | Swamp:4  | Noticed Aizul
 30495 | Swamp:4  | Killed Aizul
 30768 | Swamp:4  | Got a decaying rune of Zot
 31430 | Swamp:2  | Killed Zac Ekhlo's ghost
 32029 | Spider:1 | Entered Level 1 of the Spider Nest
 33396 | Spider:1 | Identified the +6 spear "Ultimatum" {pain, rPois MP+9
                  | Dex+2}
 33702 | Bazaar   | Entered a bazaar
 33716 | Bazaar   | Found Aliffeath's Assorted Antiques.
 33716 | Bazaar   | Found Zoiriw's Assorted Antiques.
 33738 | Bazaar   | Found Evoapaal's Magic Scroll Emporium.
 33738 | Bazaar   | Found Keellijo's Jewellery Shoppe.
 33759 | Bazaar   | Found Ystuegop's Book Emporium.
 33759 | Bazaar   | Found Vobecuq's Magic Scroll Shoppe.
 33781 | Bazaar   | Found Cuttas's Armour Emporium.
 33781 | Bazaar   | Found Igugiu's General Store.
 33824 | Bazaar   | Bought a scroll of amnesia for 32 gold pieces
 33824 | Bazaar   | Bought a scroll of enchant weapon for 60 gold pieces
 33824 | Bazaar   | Bought a scroll of butterflies for 32 gold pieces
 33824 | Bazaar   | Bought a scroll of enchant armour for 60 gold pieces
 33838 | Bazaar   | Bought a potion of heal wounds for 40 gold pieces
 33864 | Bazaar   | Bought a scroll of enchant armour for 75 gold pieces
 33864 | Bazaar   | Bought a scroll of enchant armour for 75 gold pieces
 33864 | Bazaar   | Bought a scroll of enchant armour for 75 gold pieces
 33864 | Bazaar   | Bought a scroll of fog for 40 gold pieces
 33878 | Bazaar   | Bought a potion of heal wounds for 105 gold pieces
 33878 | Bazaar   | Bought a scroll of enchant armour for 157 gold pieces
 33904 | Bazaar   | Bought Great Wizards, Vol. II for 342 gold pieces
 35162 | Spider:3 | Learned a level 6 spell: Eringya's Noxious Bog
 35231 | Spider:3 | Reached skill level 1 in Poison Magic
 35514 | Spider:3 | Reached XP level 19. HP: 81/151 MP: 22/31
 35789 | Spider:3 | Reached skill level 14 in Fighting
 37199 | Spider:4 | Entered Level 4 of the Spider Nest
 38795 | Spider:4 | Reached skill level 5 in Poison Magic
 38885 | Spider:4 | Learned a level 3 spell: Ignite Poison
 39518 | Spider:4 | Reached XP level 20. HP: 113/156 MP: 17/33
 39665 | Spider:4 | Got a gossamer rune of Zot
 39729 | Spider:4 | Found a runed translucent gate.
 39730 | Spider:4 | Found a runed translucent gate.
 39731 | Spider:4 | Found a runed translucent gate.
 39732 | Spider:4 | Noticed frocskos's ghost (adept HOBe)
 39801 | Spider:4 | Killed frocskos's ghost
 39928 | Spider:4 | Identified the +2 pair of gloves of Somewhere Else {Dex+3}
 39941 | Spider:4 | Identified the ring "Fadeulus" {rCorr Int+2}
 39943 | Spider:4 | Identified the amulet of Jusih {Acrobat Drain +Inv Dex+3
                  | Stlth+}
 40394 | D:15     | Found a staircase to the Depths.
 40509 | D:15     | Killed Jorgrun
 40941 | Vaults:1 | Entered Level 1 of the Vaults
 41303 | Vaults:1 | Gained mutation: Your body sometimes deteriorates upon
                  | taking damage. [you]
 41333 | Vaults:1 | You fall into a shaft and drop 1 floor!
 41333 | Vaults:2 | Found a flickering gateway to a bazaar.
 41346 | Bazaar   | Entered a bazaar
 41636 | Bazaar   | Found Nuuff's Book Emporium.
 41693 | Bazaar   | Found Myuruoc's Assorted Antiques.
 41746 | Bazaar   | Found Penitipe's Book Emporium.
 41796 | Bazaar   | Found Roz Mokif's Jewellery Emporium.
 42202 | Bazaar   | Bought a +4 ring of protection for 288 gold pieces
 42240 | Bazaar   | Bought a scroll of enchant armour for 225 gold pieces
 42240 | Bazaar   | Bought a pair of slimy gloves for 285 gold pieces
 42240 | Bazaar   | Identified the -1 pair of gloves of Surprise {rCorr} (You
                  | bought it in a shop in a bazaar)
 42271 | Bazaar   | Bought a Necronomicon for 896 gold pieces
 42341 | Vaults:2 | Reached skill level 15 in Fighting
 43231 | Vaults:2 | Reached skill level 10 in Spellcasting
 43340 | Vaults:1 | Reached XP level 21. HP: 150/168 MP: 31/35
 43675 | Vaults:1 | Reached skill level 10 in Poison Magic
 44021 | Vaults:1 | Found Huyfox's Antique Weapon Shop.
 44453 | Vaults:1 | Reached skill level 10 in Transmutations
 44881 | Vaults:2 | Gained mutation: You occasionally shout uncontrollably at
                  | your foes. [you]
 45824 | Vaults:2 | Learned a level 4 spell: Leda's Liquefaction
 45851 | Vaults:2 | Identified the +1 chain mail of the Elven Halls {Int+4}
 47007 | Vaults:3 | Reached XP level 22. HP: 120/177 MP: 8/36
 47697 | Vaults:3 | Reached skill level 16 in Fighting
 47838 | Vaults:3 | Noticed Bai Suzhen
 47857 | Vaults:3 | Killed Bai Suzhen
 47908 | Vaults:3 | Noticed Mara
 47935 | Vaults:3 | Noticed Bnni's illusion
 47935 | Vaults:3 | Killed Mara
 48229 | Vaults:3 | Gained mutation: You have hidden genetic potential. [you]
 48369 | Vaults:3 | Found a staircase to the Crypt.
 48451 | Vaults:3 | Lost mutation: You occasionally shout uncontrollably at
                  | your foes. [potion of mutation]
 48451 | Vaults:3 | Lost mutation: You have hidden genetic potential. [potion
                  | of mutation]
 48451 | Vaults:3 | Gained mutation: Your spells are a little harder to cast,
                  | but a little more powerful. [potion of mutation]
 48451 | Vaults:3 | Gained mutation: You are dopey. (Int -2) [potion of
                  | mutation]
 48451 | Vaults:3 | Gained mutation: You have hidden genetic potential. [potion
                  | of mutation]
 48451 | Vaults:3 | Gained mutation: You are agile. (Dex +4, Str/Int -1)
                  | [potion of mutation]
 48452 | Vaults:3 | Lost mutation: You are dopey. (Int -2) [potion of mutation]
 48452 | Vaults:3 | Lost mutation: You have hidden genetic potential. [potion
                  | of mutation]
 48452 | Vaults:3 | Lost mutation: You are agile. (Dex +4, Str/Int -1) [potion
                  | of mutation]
 48452 | Vaults:3 | Gained mutation: You are covered in fur. (AC +1) [potion of
                  | mutation]
 48452 | Vaults:3 | Gained mutation: Your mind is acute. (Int +4, Str/Dex -1)
                  | [potion of mutation]
 48452 | Vaults:3 | Gained mutation: You are partially covered in iridescent
                  | scales. (AC +2) [potion of mutation]
 48591 | Vaults:3 | Lost mutation: Your body sometimes deteriorates upon taking
                  | damage. [potion of mutation]
 48591 | Vaults:3 | Lost mutation: You are partially covered in iridescent
                  | scales. (AC +2) [potion of mutation]
 48591 | Vaults:3 | Lost mutation: Your spells are a little harder to cast, but
                  | a little more powerful. [potion of mutation]
 48591 | Vaults:3 | Gained mutation: You are clumsy. (Dex -2) [potion of
                  | mutation]
 50289 | Elf:1    | Entered Level 1 of the Elven Halls
 50318 | Elf:1    | Reached skill level 17 in Fighting
 50464 | Elf:1    | Found Voarr's Weapon Emporium.
 50496 | Elf:1    | Reached skill level 1 in Invocations
 50621 | Elf:1    | Found Baprefips's Antique Armour Emporium.
 50625 | Elf:1    | Found Goulaw's Book Emporium.
 50651 | Elf:1    | Bought a book of Hexes for 504 gold pieces
 50655 | Elf:1    | Bought a pair of twisted boots for 218 gold pieces
 50655 | Elf:1    | Identified the +0 pair of boots of the Invisible Hand {rN+
                  | Stlth+} (You bought it in a shop on level 1 of the Elven
                  | Halls)
 50886 | Elf:1    | Reached XP level 23. HP: 159/178 MP: 33/39
 51402 | Elf:1    | Found a runed translucent gate.
 51402 | Elf:1    | Found a runed translucent gate.
 51402 | Elf:1    | Found a runed translucent gate.
 51402 | Elf:1    | Found a runed translucent gate.
 51402 | Elf:1    | Found a runed translucent gate.
 51404 | Elf:1    | Found a runed translucent gate.
 51934 | Elf:1    | Identified the +4 whip of Qete Ynt {vamp, rElec Str+2 Dex-2
                  | SInv}
 52185 | Elf:2    | Found Eqeom's Book Emporium.
 52791 | Elf:2    | Learned a level 8 spell: Discord
 52817 | Elf:2    | Found a runed translucent gate.
 52817 | Elf:2    | Found a runed translucent gate.
 52827 | Elf:2    | Found a runed translucent gate.
 54023 | Elf:3    | Entered Level 3 of the Elven Halls
 54028 | Elf:3    | Noticed Saint Roka
 54630 | Elf:2    | HP: 3/151 [deep elf death mage/bolt of negative energy
                  | (29)]
 54977 | Elf:2    | Killed Saint Roka
 55657 | Elf:3    | Identified the +1 quarterstaff of Fortitude {flame, Drain
                  | rElec Int+9}
 55708 | Elf:3    | Noticed Nikola
 55722 | Elf:3    | Killed Nikola
 55982 | Elf:3    | Reached XP level 24. HP: 160/189 MP: 4/40
 56123 | Elf:3    | Upgraded the game from 0.30-a0-726-gd89dcf765f to
                  | 0.30-a0-728-gc68057be0a
 56135 | Elf:3    | Reached skill level 18 in Fighting
 56332 | Elf:3    | Identified the +0 chain mail of Utahuph {Contam Harm +Blink
                  | rC-}
 56608 | Elf:3    | Reached skill level 15 in Dodging
 57428 | Depths:1 | Entered Level 1 of the Depths
 57463 | D:15     | Learned a level 6 spell: Dispersal
 57586 | Depths:1 | Found a gateway to Hell.
 58182 | Depths:1 | Found Yfaublol's Book Shop.
 58227 | Depths:1 | Found Toicam's Jewellery Emporium.
 58228 | Depths:1 | Found Juleawor's Book Shop.
 58234 | Depths:1 | Bought a Grand Grimoire for 340 gold pieces
 58430 | Depths:1 | Reached skill level 10 in Translocations
 58485 | Depths:1 | Found a radiant altar of Vehumet.
 59615 | Depths:2 | Found a hazy altar of Hepliaklqana.
 59717 | Depths:2 | Identified the ring "Gups" {*Corrode +Blink rF++ Str+6
                  | Dex+3}
 59947 | Depths:2 | Reached skill level 1 in Summonings
 60181 | Depths:2 | Reached XP level 25. HP: 119/206 MP: 22/41
 60517 | Depths:2 | Found a one-way gate leading to the halls of Pandemonium.
 60767 | Depths:3 | You fall into a shaft and drop 1 floor!
 60767 | Depths:4 | Entered Level 4 of the Depths
 60767 | Depths:4 | Noticed the Enchantress
 60780 | Depths:4 | Killed the Enchantress
 60844 | Depths:4 | Noticed a caustic shrike
 60866 | Depths:4 | Noticed a caustic shrike
 60953 | Depths:4 | Noticed a caustic shrike
 60954 | Depths:4 | Noticed a caustic shrike
 61504 | Depths:4 | Found a glowing silver altar of Zin.
 61504 | Depths:4 | Found a white marble altar of Elyvilon.
 61505 | Depths:4 | Found a glowing golden altar of the Shining One.
 61545 | Depths:4 | Identified the amulet "Mokk" {Reflect +Blink Dex+4 SH+5}
 62355 | Depths:3 | Reached skill level 19 in Fighting
 62357 | Depths:3 | Noticed Sojobo
 62386 | Depths:3 | Killed Sojobo
 62816 | Depths:3 | Found a shimmering blue altar of Sif Muna.
 63108 | Depths:3 | Found a one-way gateway to a ziggurat.
 63112 | Depths:3 | Reached skill level 5 in Summonings
 63954 | Depths:4 | Learned a level 7 spell: Malign Gateway
 64570 | Depths:4 | Noticed a caustic shrike
 64572 | Depths:4 | Killed a caustic shrike
 64573 | Depths:4 | Killed a caustic shrike
 64577 | Depths:4 | Killed a caustic shrike
 64588 | Depths:4 | Killed a caustic shrike
 64596 | Depths:4 | Killed a caustic shrike
 65210 | Depths:4 | Found a gate to the Realm of Zot.
 65349 | Depths:4 | Identified the +1 ring mail "Gacygg" {Rampage *Slow Regen+
                  | rCorr}
 65742 | Vaults:5 | Entered Level 5 of the Vaults
 65746 | Vaults:5 | Reached XP level 26. HP: 210/214 MP: 28/41
 65953 | Vaults:5 | Reached skill level 15 in Translocations
 65954 | Vaults:5 | Reached skill level 15 in Spellcasting
 66553 | Slime:1  | Entered Level 1 of the Pits of Slime
 67101 | Slime:2  | Noticed Dissolution
 67113 | Slime:2  | Killed Dissolution
 67804 | Slime:2  | Reached skill level 5 in Invocations
 68518 | Slime:4  | Reached skill level 20 in Fighting
 69591 | Slime:5  | Entered Level 5 of the Pits of Slime
 69946 | Slime:5  | Noticed the Royal Jelly
 69994 | Slime:5  | Reached XP level 27. HP: 191/224 MP: 42/42
 70143 | Slime:5  | Killed the Royal Jelly
 70146 | Slime:5  | Reached skill level 10 in Summonings
 70188 | Slime:5  | Got a slimy rune of Zot
 70215 | Slime:5  | Identified the +10 broad axe of Oozing Pus {heavy, rF++
                  | Dex-2}
 70219 | Slime:5  | Identified the +0 ring mail of Ceiphex {+Inv Fly rC-}
 70239 | Slime:5  | Identified the ring "Ganeygor" {Fire rElec rN+ Int+2}
 70264 | Slime:5  | Got the Handbook of Company and Combat Magic
 70310 | Slime:5  | Identified the +9 morningstar of the Many Knives {holy,
                  | rPois Int+2}
 70315 | Slime:5  | Identified the +7 falchion of Tenacity {freeze, *Corrode
                  | rC+ rN+ Dex+4}
 70883 | Crypt:1  | Entered Level 1 of the Crypt
 70902 | Crypt:1  | Noticed Jory
 70906 | Crypt:1  | Killed Jory
 71239 | Crypt:1  | Noticed Boris
 71254 | Crypt:1  | Killed Boris
 72376 | Crypt:1  | Identified the +6 hand axe of Subterfuge {heavy, rF+ Int+3}
 72415 | Crypt:2  | Noticed Khufu
 72415 | Crypt:2  | Noticed a royal mummy
 72425 | Crypt:2  | Killed Khufu
 72619 | Crypt:2  | Killed a royal mummy
 73716 | Crypt:2  | Learned a level 4 spell: Fulminant Prism
 74469 | Crypt:2  | Reached skill level 10 in Invocations
 74472 | Crypt:3  | Entered Level 3 of the Crypt
 74505 | Crypt:3  | Found a staircase to the Tomb.
 74536 | Crypt:3  | Noticed Boris
 74554 | Crypt:3  | Killed Boris
 74974 | Crypt:3  | Identified the +4 falchion of Laan {flame, Drain rC-
                  | Will+++ SInv}
 75299 | Crypt:3  | Found a basalt altar of Yredelemnul.
 75506 | Crypt:3  | Noticed an ancient lich
 75508 | Crypt:3  | Killed an ancient lich
 75624 | Crypt:3  | Got the Catalogue of the Grave
 75639 | Crypt:3  | Identified the +5 demon whip of the Butterfly {flame,
                  | *Noise Str+6 Int+3}
 76303 | Crypt:3  | Identified the amulet of Eternal Night {Regen+ Int+3}
 76303 | Crypt:3  | Identified the ring "Ufri" {rN+ Str-2 Int+3}
 76894 | Vaults:5 | Reached skill level 15 in Shields
 77668 | Vaults:5 | Identified the +8 glaive "Viygul" {drain, rElec Dex+3}
 77668 | Abyss:3  | Found a corrupted altar of Lugonu.
 77668 | Abyss:3  | Found a corrupted altar of Lugonu.
 77668 | Abyss:3  | Cast into level 3 of the Abyss (a deep elf sorcerer)
 77672 | Abyss:3  | Found a corrupted altar of Lugonu.
 77695 | Abyss:3  | Found a corrupted altar of Lugonu.
 78024 | Vaults:5 | Escaped the Abyss
 78575 | Vaults:5 | Reached skill level 21 in Fighting
 79132 | Vaults:5 | Identified the ring "Dughot" {rF++ rC+ rN+ Will+ rCorr}
 79306 | Vaults:5 | Found the +1 robe of Vines {NoPotionHeal Regen++++}
 79314 | Vaults:5 | Got a silver rune of Zot
 79424 | Vaults:5 | Got Isky's Discourse on Red-Hot Illusion
 79578 | Vaults:5 | Identified the +3 plate armour of Okawaru's Supremacy {rF-
                  | rN+ Will+++ Str-2}
 79596 | Vaults:5 | Identified the +3 buckler of Nym Heib {rElec rCorr Slay-6}
 79633 | Vaults:5 | Found Oficyb's Distillery.
 79639 | Vaults:5 | Identified the +1 falchion of Midwinter {venom, rPois rF+
                  | Int+3}
 79641 | Vaults:5 | Bought a potion of magic for 120 gold pieces
 80039 | Vaults:5 | Identified the +0 plate armour "Qiodecoe" {Rampage Int-3
                  | Slay+5}
 80553 | Depths:1 | Bought a book of Scorching for 300 gold pieces
 80561 | Depths:1 | Learned a level 6 spell: Summon Cactus Giant
 80686 | Depths:3 | Voluntarily entered the Abyss.
 81002 | Abyss:3  | Found a corrupted altar of Lugonu.
 81033 | Abyss:3  | Got an abyssal rune of Zot
 81050 | Depths:3 | Escaped the Abyss
 81212 | Zot:1    | Entered Level 1 of the Realm of Zot
 81431 | Zot:1    | Noticed a shard shrike
 81444 | Zot:1    | Killed a shard shrike
 84617 | Zot:3    | Reached skill level 22 in Fighting
 85401 | Zot:4    | Noticed an orb of fire
 85409 | Zot:4    | Gained mutation: You are weak. (Str -2) [an orb of fire]
 85704 | Zot:4    | Reached skill level 15 in Summonings
 86104 | Zot:4    | Lost mutation: Your mind is acute. (Int +4, Str/Dex -1) [an
                  | orb of fire]
 86118 | Zot:4    | Killed an orb of fire
 86767 | Zot:5    | Entered Level 5 of the Realm of Zot
 87199 | Zot:5    | Noticed a Killer Klown
 87200 | Zot:5    | Noticed an orb of fire
 87201 | Zot:5    | Noticed an orb of fire
 87202 | Zot:5    | Noticed an orb of fire
 87205 | Zot:5    | Noticed a Killer Klown
 87210 | Zot:5    | Killed a Killer Klown
 87220 | Zot:5    | Gained mutation: You occasionally lose the ability to drink
                  | potions when taking damage. [an orb of fire]
 87433 | Hell     | Entered the Vestibule of Hell
 87433 | Hell     | Noticed Geryon
 87441 | Hell     | Reached skill level 23 in Fighting
 87448 | Hell     | Noticed Murray
 87627 | Depths:4 | Killed Murray
 88051 | Depths:4 | Lost mutation: You are clumsy. (Dex -2) [potion of
                  | mutation]
 88051 | Depths:4 | Lost mutation: You occasionally lose the ability to drink
                  | potions when taking damage. [potion of mutation]
 88051 | Depths:4 | Lost mutation: You are weak. (Str -2) [potion of mutation]
 88051 | Depths:4 | Gained mutation: You are frail. (-10% HP) [potion of
                  | mutation]
 88051 | Depths:4 | Gained mutation: Your body sometimes deteriorates upon
                  | taking damage. [potion of mutation]
 88051 | Depths:4 | Gained mutation: Your muscles are strong. (Str +4, Int/Dex
                  | -1) [potion of mutation]
 88052 | Depths:4 | Lost mutation: Your body sometimes deteriorates upon taking
                  | damage. [potion of mutation]
 88052 | Depths:4 | Lost mutation: You are frail. (-10% HP) [potion of
                  | mutation]
 88052 | Depths:4 | Gained mutation: You occasionally shout uncontrollably at
                  | your foes. [potion of mutation]
 88052 | Depths:4 | Gained mutation: Your mind is acute. (Int +4, Str/Dex -1)
                  | [potion of mutation]
 88052 | Depths:4 | Gained mutation: You are partially covered in iridescent
                  | scales. (AC +2) [potion of mutation]
 88084 | Depths:4 | Learned a level 5 spell: Summon Forest
 88180 | Depths:1 | Bought a book of Dangerous Friends for 400 gold pieces
 88295 | Hell     | Killed Geryon
 88532 | Hell     | Found a gateway to the decaying netherworld of Tartarus.
 88567 | Hell     | Found a gateway to the ashen valley of Gehenna.
 88720 | Hell     | Found a gateway to the freezing wastes of Cocytus.
 88830 | Hell     | Found a gateway to the Iron City of Dis.
 88970 | Coc:1    | Entered Level 1 of Cocytus
 89132 | Hell     | Learned a level 3 spell: Summon Guardian Golem
 89436 | Coc:3    | Noticed a shard shrike
 89440 | Coc:3    | Noticed a shard shrike
 89440 | Coc:3    | Noticed a shard shrike
 89441 | Coc:3    | Noticed a shard shrike
 89447 | Coc:3    | Killed a shard shrike
 89459 | Coc:3    | Killed a shard shrike
 89466 | Coc:3    | Killed a shard shrike
 89478 | Coc:3    | Killed a shard shrike
 89642 | Coc:4    | Noticed a shard shrike
 89642 | Coc:4    | Noticed a shard shrike
 89642 | Coc:4    | Noticed a shard shrike
 89642 | Coc:4    | Noticed a shard shrike
 89642 | Coc:4    | Noticed a shard shrike
 89642 | Coc:4    | Noticed a shard shrike
 89642 | Coc:4    | Noticed a shard shrike
 89642 | Coc:4    | Noticed a shard shrike
 89642 | Coc:4    | Noticed a shard shrike
 89642 | Coc:4    | You fall into a shaft and drop 2 floors!
 89643 | Coc:6    | Noticed a shard shrike
 89644 | Coc:6    | Noticed a shard shrike
 89654 | Coc:6    | HP: 5/195 [Ice Fiend/bolt of cold (16)]
 89655 | Coc:7    | Entered Level 7 of Cocytus
 89655 | Coc:7    | Noticed a shard shrike
 89655 | Coc:7    | Noticed a shard shrike
 89794 | Coc:4    | Killed a shard shrike
 89795 | Coc:4    | Killed a shard shrike
 89795 | Coc:4    | Killed a shard shrike
 89937 | Hell     | Killed a shard shrike
 90026 | Coc:4    | Killed a shard shrike
 90027 | Coc:4    | Killed a shard shrike
 90029 | Coc:4    | Killed a shard shrike
 90135 | Hell     | HP: 1/152 [Ice Fiend (25)]
 90974 | Depths:3 | Voluntarily entered the Abyss.
 91132 | Abyss:3  | Reached skill level 1 in Armour
 91141 | Abyss:4  | Noticed an ancient lich
 91160 | Abyss:4  | Killed an ancient lich
 91191 | Depths:3 | Escaped the Abyss
 91342 | Zig:1    | Entered Level 1 of a ziggurat
 91374 | Zig:2    | Entered Level 2 of a ziggurat
 91398 | Zig:3    | Entered Level 3 of a ziggurat
 91439 | Zig:4    | Entered Level 4 of a ziggurat
 91442 | Zig:4    | Noticed an ancient lich
 91451 | Zig:4    | Killed an ancient lich
 91510 | Zig:5    | Entered Level 5 of a ziggurat
 91523 | Zig:5    | HP: 6/219 [iron giant/iron shot (81)]
 91546 | Zig:5    | Got Lurakh's Almanac of the Fulgent Nimbus
 91548 | Zig:5    | Identified the +1 shortbow of Uskayaw's Fury {antimagic,
                  | rElec Int+3}
 91885 | Zig:6    | Entered Level 6 of a ziggurat
 91890 | Zig:6    | Noticed a royal mummy
 91902 | Zig:6    | Killed a royal mummy
 92015 | Zig:6    | Found the +8 arc blade {discharge, rElec}
 92026 | Zig:6    | Identified the +5 falchion "Spider's Demise" {freeze, Drain
                  | Str+3 SInv}
 92034 | Zig:7    | Entered Level 7 of a ziggurat
 92596 | Zig:7    | Found the +8 orange crystal plate armour {Archmagi, Int+3
                  | Clar}
 92614 | Zig:7    | Identified the +7 rapier of the Evening {flame, Fragile
                  | rElec Will++ Str-4}
 92649 | Zig:8    | Entered Level 8 of a ziggurat
 92958 | Zig:8    | Learned a level 2 spell: Wereblood
 92959 | Zig:9    | Entered Level 9 of a ziggurat
 92979 | Zig:9    | Found the macabre finger necklace {Finger+ rN+}
 92992 | Zig:9    | Reached skill level 24 in Fighting
 93359 | Zig:9    | Got the Vellum of Hurtful Charms
 93387 | Zig:10   | Entered Level 10 of a ziggurat
 93398 | Zig:10   | Noticed a juggernaut
 93411 | Zig:10   | Killed a juggernaut
 93570 | Zig:10   | Identified the +1 leather armour of the Equator {Regen+
                  | MP+9 Str+5}
 93593 | Zig:11   | Entered Level 11 of a ziggurat
 93625 | Zig:11   | HP: 10/238 [??? (3)]
 93626 | Zig:11   | HP: 4/229 [daeva/divine providence (6)]
 93627 | Zig:11   | Killed from afar by a daeva

Illustrated notes

Levels and vault maps discovered:
D:1:      ebering_hopf_link, layout_basic,
          shapermc_ecumenical_altar_starsandcircs, minmay_lizard_pond
D:2:      cheibrodos_fertilizer, layout_basic, chequers_serial_rivers_marsh,
          minmay_misc_feat_cross, uniq_natasha, uniq_jessica
D:3:      layout_loops_ring, chequers_big_river
D:4:      layout_basic, lemuel_tele_altar, ebering_ghost_disaster_area,
          hangedman_decor_riveting, hex_tiny, minmay_misc_feat_x,
          grunt_ministairs_2, uniq_edmund
D:5:      layout_layer_cave, minmay_temple_entry_statues_fountains
D:6:      layout_basic, nicolae_ru_path_of_blood, serial_shops,
          nicolae_square_shop, minmay_small_thing, uniq_eustachio
D:7:      layout_basic, nicolae_uskayaw_en_pointe, serial_shops,
          nicolae_shop_temple_entry_statues_fountains, uniq_crazy_yiuf_cottage
D:8:      layout_gridville, gammafunk_ghost_abyssal_escape, enter_bailey_5,
          serial_undead, serial_undead_d, serial_undead_b, serial_undead_b,
          serial_undead_e, serial_undead_c, serial_undead_f, serial_undead_f,
          serial_undead_b, serial_undead_e, serial_undead_d
D:9:      layout_irregular_city, gammafunk_ghost_arena, guppyfry_shop_venom,
          uniq_psyche, uniq_erolcha, uniq_maurice, uniq_prince_ribbit1
D:10:     minmay_recursive_quarters, layout_loops_ring,
          minmay_orc_entry_guard_dogs, minmay_rotating_lava
D:11:     layout_grid_maze, minmay_lair_entry_grove
D:12:     cheibrodos_histonic, layout_loops_ring, serial_bayou_crossing
D:13:     layout_loops_cross, serial_shops, bzr_entry_islet
D:14:     layout_basic, david_vaults_4, nicolae_tso_carved_into_rock
D:15:     hangedman_depths_entry_try_elsewhere_first, layout_long_grid,
          hangedman_decor_lopped, minmay_alternating_orb, uniq_agnes,
          uniq_jorgrun
Temple:   hellmonk_temple_divided_pantheon
Lair:1:   layout_chaotic_city, infiniplex_staircase_pool, serial_bayou_shore_b,
          lemuel_fruit_tree, uniq_harold
Lair:2:   layout_cave_pods, skrybe_swamp_entry_bodies,
          nicolae_spider_entry_orb_guardian, uniq_maggie, uniq_nergalle,
          uniq_urug
Lair:3:   beast_lair_carwin_large_1, layout_loops_ring, wad_woods_road_06,
          uniq_gastronok
Lair:4:   layout_misc_corridors, serial_bayou_shore_b, grunt_megastairs_1
Lair:5:   grunt_lair_end_beastmaster, layout_regular_city, slime_entry_2,
          minivault_24, serial_bayou_shore_b
Swamp:1:  layout_basic_swamp, evilmike_swamp_ruin_house_6, uniq_josephine,
          uniq_donald
Swamp:2:  layout_basic_swamp, gammafunk_ghost_cemetery,
          evilmike_swamp_ruin_house_5, uniq_frances, uniq_kirke
Swamp:3:  layout_basic_swamp, nicolae_swamp_trees_clearing
Swamp:4:  swamp, layout_basic_swamp, uniq_aizul
Spider:1: layout_spider_delve, spiders_nest_spider_trap
Spider:2: layout_spider_delve
Spider:3: layout_chambers, nicolae_spider_shape
Spider:4: hellmonk_spider_rune_endless_swarm, gammafunk_ghost_tricky_traps
Slime:1:  layout_caves
Slime:2:  layout_caves, dissolution_awaits
Slime:3:  layout_caves
Slime:4:  cheibrodos_slime_lost_civilization_1, layout_caves,
          nicolae_slime_getting_an_eyeful
Slime:5
Orc:1:    layout_caves, nicolae_orc_flooded_monolith
Orc:2:    st_orc_congregation, layout_diamond_mine, uniq_nessos, uniq_rupert
Elf:1:    elf_arrival_002, layout_geoelf_octagon, serial_shops,
          nicolae_shop_crystal, orc_legates, minmay_shop_star
Elf:2:    nicolae_elf_blades_splatter_lattice [nicolae_blade_entry_pointy_end],
          layout_geoelf_octagon, serial_shops, shop, guppyfry_library_mini
Elf:3:    elf_hall, layout_loops_ring, uniq_nikola, uniq_saint_roka
Vaults:1: v_rooms_2, ontoclasm_vaults_echo, hangedman_vaults_stretched_pinwheel,
          hangedman_vaults_corner_blocks, nicolae_vaults_mini_display_case,
          v_pattern_3, layout_vaults_omnigrid, serial_shops, nicolae_shop_stone
Vaults:2: hangedman_vaults_variations, st_greater_box_5, hangedman_vaults_nails,
          v_alt_pattern_2, v_misc_14, hangedman_vaults_nodes, vaults_room_pools,
          nicolae_vaults_angled_halls, vaults_room_door_ring,
          nicolae_vaults_windows_and_doors_thing, nicolae_vaults_asterisk,
          grunt_vaults_hallway_short, layout_vaults_omnicross, serial_shops,
          bzr_entry_lakeside
Vaults:3: v_misc_12, nicolae_vaults_twisting_passages, blue_anna_dwarven_crypt,
          vaults_mumra_minichess_inversion, v_alt_pattern_2, v_rooms_1,
          ontoclasm_vaults_tryst, ontoclasm_vaults_twist,
          vaults_room_fancy_cross, vaults_dpeg_doors, v_misc_2,
          ontoclasm_vaults_shuriken, v_misc_25, layout_vaults_maze, uniq_mara,
          uniq_margery, uniq_bai_suzhen
Vaults:4: nicolae_vaults_little_squares_2, vaults_room_fours,
          nicolae_vaults_little_ls, v_misc_13, nicolae_vaults_theta,
          layout_vaults_big_room
Vaults:5: serial_shops
Crypt:1:  layout_catacombs, nicolae_crypt_ancient_font, grunt_megastairs_4,
          uniq_josephina, uniq_jory, uniq_boris
Crypt:2:  layout_gridlike, uniq_khufu
Crypt:3:  church_of_pain_bobbens, layout_chaotic_city,
          serial_sigils_hangedman_gnaw
Depths:1: layout_gridlike, lightli_too_deep, nicolae_vehumet_radiance,
          grunt_megastairs_3, minmay_shop_grove
Depths:2: minmay_concentric_multi, layout_twisted_cross,
          nicolae_hepliaklqana_hazy_memory, rand_demon_pan_entry_4,
          hangedman_coc_ice_floe, nrook_mini_vaults, corexii_corridor_pit
Depths:3: minmay_glassy_protrusions, layout_cave_pools, enter_ziggurat_d,
          abyss_entry_small_statue_room, pf_dread_powers_of_hell, led_sif_pool,
          uniq_sojobo
Depths:4: evilmike_zot_entry_argh, layout_cave_pools, hell_entry,
          good_gods_temple_1, uniq_enchantress
Hell
Coc:1:    layout_cocytus_delve
Coc:2:    layout_cocytus_water_paths
Coc:3:    layout_ice_bergs
Coc:4:    layout_cocytus_water_paths
Coc:6:    layout_ice_bergs
Coc:7:    coc_mu
Zot:1:    layout_gridlike, hangedman_zot_spectrum, grunt_megastairs_5
Zot:2:    layout_gridlike
Zot:3:    layout_cathedral_of_symmetry
Zot:4:    layout_onion, st_small_dragon_hoard_5, st_large_dragon_hoard_3
Zot:5:    layout_cellular_growth
Zig:11

Skill      XL: |  1  2  3  4  5  6  7  8  9 10 11 12 13 14 15 16 17 18 19 20 21 22 23 24 25 26 27 |
---------------+----------------------------------------------------------------------------------+-----
Hexes          | 4 5 6 7 9 10 11 12 13 14 15 16 17 18 19 20 21 22 | 22.0
Fire Magic     | 1 2 3 |  3.0
Ranged Weapons | 3 4 6 7 9 10 11 12 13 14 15 16 18 | 18.0
Fighting       | 2 3 4 5 7 8 9 10 11 12 13 14 15 17 18 19 20 24 | 24.1
Spellcasting   | 2 3 4 5 6 7 8 9 10 12 13 14 15 19 | 19.0
Translocations | 2 3 4 5 6 8 12 14 15 17 | 17.0
Dodging        | 2 4 5 6 7 8 9 10 11 12 13 14 15 16 19 | 19.3
Shields        | 4 6 8 9 10 11 13 14 20 | 20.0
Transmutations | 2 4 6 7 8 9 10 12 | 12.1
Poison Magic   | 1 6 9 12 | 12.0
Invocations    | 2 3 7 13 | 13.0
Summonings     | 1 7 9 16 | 16.0
Armour         | 7 |  7.7

Action                     |  1- 3 |  4- 6 |  7- 9 | 10-12 | 13-15 | 16-18 | 19-21 | 22-24 | 25-27 || total
---------------------------+-------+-------+-------+-------+-------+-------+-------+-------+-------++-------
  Melee: Hand crossbow     |       |       |       |       |       |       |     2 |       |       ||     2
   Fire: Sling             |    80 |   232 |   232 |   457 |       |       |       |       |       ||  1001
         Shortbow          |       |       |       |   299 |   211 |       |       |       |       ||   510
         Hand crossbow     |       |       |       |       |   684 |  1410 |  1620 |  1625 |  3429 ||  8768
  Throw: Dart              |       |       |     2 |       |     1 |     1 |       |       |       ||     4
         Throwing net      |       |       |       |     2 |    12 |     1 |       |       |     2 ||    17
   Cast: Slow              |       |    11 |    13 |     3 |       |       |       |       |       ||    27
         Inner Flame       |       |     2 |    35 |    51 |    42 |    15 |       |       |       ||   145
         Portal Projectile |       |       |     1 |     9 |    14 |    10 |     2 |     9 |    23 ||    68
         Cause Fear        |       |       |       |     7 |    16 |    32 |    43 |    21 |     5 ||   124
         Yara's Violent Un |       |       |       |       |       |    16 |     6 |    21 |    37 ||    80
         Tukima's Dance    |       |       |       |       |       |     2 |       |     2 |       ||     4
         Kindle Blastspark |       |       |       |       |       |    16 |       |       |       ||    16
         Enfeeble          |       |       |       |       |       |    25 |    74 |    79 |   120 ||   298
         Passage of Golubr |       |       |       |       |       |     5 |     2 |     3 |     7 ||    17
         Eringya's Noxious |       |       |       |       |       |       |       |    13 |    31 ||    44
         Discord           |       |       |       |       |       |       |       |    16 |   116 ||   132
         Dispersal         |       |       |       |       |       |       |       |     6 |    83 ||    89
         Ignite Poison     |       |       |       |       |       |       |       |     3 |    12 ||    15
         Leda's Liquefacti |       |       |       |       |       |       |       |     1 |       ||     1
         Summon Cactus Gia |       |       |       |       |       |       |       |       |    17 ||    17
         Summon Forest     |       |       |       |       |       |       |       |       |    10 ||    10
         Malign Gateway    |       |       |       |       |       |       |       |       |     9 ||     9
         Summon Guardian G |       |       |       |       |       |       |       |       |     7 ||     7
         Fulminant Prism   |       |       |       |       |       |       |       |       |     5 ||     5
         Wereblood         |       |       |       |       |       |       |       |       |     2 ||     2
 Invoke: Shadow Form       |       |       |       |       |       |       |       |       |     2 ||     2
Ability: Dig               |       |     1 |       |     2 |     8 |       |     1 |     1 |     9 ||    22
         Shaft Self        |       |       |       |       |       |       |     1 |       |       ||     1
  Evoke: Wand              |       |       |       |     2 |     6 |     2 |       |       |       ||    10
    Use: Potion            |       |     2 |       |     6 |     2 |    17 |     2 |     6 |    23 ||    58
         Scroll            |       |       |     9 |     3 |    19 |     7 |     1 |     2 |    23 ||    64
 Armour: Robe              |    11 |    32 |    11 |       |       |       |       |       |   119 ||   173
         Animal skin       |       |       |    16 |    73 |    57 |    95 |   158 |   169 |   215 ||   783
  Dodge: Dodged            |    28 |    80 |   102 |   254 |   276 |   454 |   583 |   393 |  1371 ||  3541
  Block: Buckler           |       |       |       |    43 |    22 |       |       |       |       ||    65
         Kite shield       |       |       |       |       |   203 |   501 |   871 |   790 |  1631 ||  3996
         Reflection        |       |       |       |       |       |    10 |    40 |    82 |    56 ||   188
         Other             |       |       |       |       |       |       |     2 |       |       ||     2
         Tower shield      |       |       |       |       |       |       |       |       |   678 ||   678

Table legend: (Time is in decaauts)
 A = Elapsed time spent in this place.
 B = Non-inter-level travel time spent in this place.
 C = Inter-level travel time spent in this place.
 D = Time resting spent in this place.
 E = Time spent auto-exploring this place.
 F = Levels seen in this place.
 G = Mean time per level.
                   A        B        C        D        E       F      G
               +--------+--------+--------+--------+--------+-----+--------+
         Total |  95146 |  87631 |   7515 |  24132 |  40953 |  81 | 1174.6 |
       Dungeon |  21153 |  18614 |   2539 |   3214 |  10572 |  15 | 1410.2 |
        Temple |     26 |     17 |      9 |      0 |      0 |   1 |   26.0 |
          Lair |   6489 |   5716 |    773 |    890 |   3751 |   5 | 1297.8 |
         Swamp |   6475 |   6329 |    146 |   2910 |   2069 |   4 | 1618.8 |
   Spider Nest |   7151 |   6792 |    359 |   1899 |   2979 |   4 | 1787.8 |
    Slime Pits |   3806 |   3611 |    195 |    355 |   2376 |   5 |  761.2 |
  Orcish Mines |   1476 |   1361 |    115 |      5 |    944 |   2 |  738.0 |
   Elven Halls |   6672 |   6398 |    274 |   2489 |   2359 |   3 | 2224.0 |
        Vaults |  12294 |  11284 |   1010 |   3112 |   5670 |   5 | 2458.8 |
         Crypt |   6017 |   5909 |    108 |   1941 |   2592 |   3 | 2005.7 |
        Depths |  10012 |   8869 |   1143 |   3622 |   2889 |   4 | 2503.0 |
          Hell |   1297 |   1196 |    101 |    429 |    464 |   1 | 1297.0 |
       Cocytus |   1140 |    702 |    438 |    171 |    183 |   6 |  190.0 |
           Zot |   6207 |   5907 |    300 |   1007 |   3397 |   5 | 1241.4 |
         Abyss |    963 |    963 |      0 |     86 |      2 |   4 |  240.8 |
      Ziggurat |   2299 |   2299 |      0 |   1672 |      4 |  11 |  209.0 |
        Bazaar |   1213 |   1213 |      0 |    277 |    556 |   2 |  606.5 |
        Bailey |    450 |    450 |      0 |     49 |    142 |   1 |  450.0 |
               +--------+--------+--------+--------+--------+-----+--------+

Top non-repeatable levels by time:
Vaults:2: 3459 daAuts
Depths:4: 3351 daAuts
Vaults:4: 3243 daAuts
    D:12: 2698 daAuts
Depths:2: 2642 daAuts
   Elf:2: 2547 daAuts
Spider:3: 2402 daAuts
 Crypt:3: 2357 daAuts
Vaults:1: 2281 daAuts
   Elf:1: 2220 daAuts
Spider:4: 2191 daAuts
 Swamp:4: 2164 daAuts
 Swamp:2: 2157 daAuts
  Lair:2: 2111 daAuts
Depths:1: 2071 daAuts
